 Dungeon Crawl Stone Soup version 0.20-a0-223-g066d66b (webtiles) character file.

50 shisatum the Skirmisher (level 3, -1/30 HPs)
             Began as a Demonspawn Abyssal Knight on Nov 29, 2016.
             Was a Follower of Lugonu.
             Killed from afar by Sigmund (7 damage)
             ... with a puff of flame
             ... on level 3 of the Dungeon.
             The game lasted 00:09:58 (1119 turns).

shisatum the Skirmisher (Demonspawn Abyssal Knight) Turns: 1119, Time: 00:09:58

Health: -1/30      AC:  5    Str: 13    XL:     3   Next: 55%
Magic:  4/4        EV: 10    Int: 13    God:    Lugonu [*.....]
Gold:   39         SH:  0    Dex: 12    Spells: 2/2 levels left

rFire  . . .     SeeInvis .     a - +1 falchion
rCold  . . .     Gourm    .     b - +0 ring mail
rNeg   . . .     Faith    .     (no shield)
rPois  .         Spirit   .     (helmet restricted)
rElec  .         Reflect  .     (no cloak)
rCorr  .         Harm     .     (no gloves)
MR     .....                    (no boots)
Stlth  +.........               (no amulet)
                                (no ring)
                                (no ring)

@: no status effects
A: horns 1, spiny 1
a: Depart the Abyss, Renounce Religion


You were on level 3 of the Dungeon.
You worshipped Lugonu.
Lugonu was aware of your devotion.
You were full.

You visited 1 branch of the dungeon, and saw 3 of its levels.
You visited the Abyss 1 time.

You collected 39 gold pieces.

Inventory:

Hand Weapons
 a - a +1 falchion (weapon)
 i - a +0 blowgun
 o - a +0 hunting sling of flaming
Missiles
 e - 34 stones
 h - 6 tomahawks (quivered)
 k - 5 poisoned needles
Armour
 b - a +0 ring mail (worn)
Wands
 l - a wand of slowing (35/48)
Scrolls
 g - a scroll of teleportation
 n - a scroll of identify
Potions
 f - a potion of might {unknown}
 j - a potion of haste
 m - a potion of curing {unknown}
Comestibles
 c - a bread ration
 d - a beef jerky


   Skills:
 + Level 3.9 Fighting
 + Level 2.0 Long Blades
 + Level 0.3(0.4) Slings
 + Level 0.1(0.3) Throwing
 + Level 2.1 Armour
 + Level 1.0 Dodging
 + Level 2.6 Invocations


You had 2 spell levels left.
You didn't know any spells.

Dungeon Overview and Level Annotations

Branches:
Dungeon (3/15)

Altars:
Cheibriados
Elyvilon
Sif Muna
Vehumet

Annotations:
D:3 Sigmund


Innate Abilities, Weirdness & Mutations

You have a pair of small horns on your head.
You are partially covered in sharp spines.


Message History

Sigmund is moderately wounded.
Sigmund gestures at you while chanting. The puff of flame hits you!
You hit Sigmund.
Sigmund is heavily wounded.
Sigmund gestures at you while chanting. You resist with significant effort.
You barely miss Sigmund. You headbutt Sigmund.
Sigmund is heavily wounded.
Sigmund mumbles some strange words.
Sigmund flickers and vanishes!
Deactivating autopickup; reactivate with Ctrl-A.
You barely miss something. Your headbutt misses something. Something hits you!
* * * LOW HITPOINT WARNING * * *
You hit something but do no damage. Something hits you but does no damage.
Your ring mail prevents you from hitting something.
You hear some strange, mumbled words.
A puff of flame appears from out of thin air!
The puff of flame hits you!
You die...

....'.....>...#.........#######..
....#########.#...#.....#.# ##.
....<# #.####.#.#.#.#+###.# ##
.....# #....#.#.#...# ###.#
##'#.# #>##.#.#.##### ....
#.#.###.##.#.#.## ..#
#.#.....##...#..# #.#
#.#############.# ##.####
#.......# #@# #.....#
#######.#######{#######.###.####
#.......#.#.......# #.....
#.......#(#.......# #.....
#########.#######.# #...). #.#
#.# #.#### #(# #.# #.# # #.. ..#
#.# # ### #.# #


There were no monsters in sight!

Vanquished Creatures
  A gnoll (D:3)
  An adder (D:3)
  A worm (D:2)
  An orc (D:3)
  3 bats
  A giant cockroach (D:3)
  3 goblins
  3 hobgoblins
  5 jackals
  A frilled lizard (D:2)
  4 kobolds (D:3)
24 creatures vanquished.

Notes
Turn   | Place    | Note
-------+----------+-------------------------------------------
     0 | Abyss:1  | shisatum the Demonspawn Abyssal Knight began the quest for the Orb.
     0 | Abyss:1  | Reached XP level 1. HP: 18/18 MP: 2/2
    78 | Abyss:1  | Found a corrupted altar of Lugonu.
   165 | Abyss:1  | Noticed a small abomination
   166 | D:1      | Escaped the Abyss
   300 | D:2      | Reached * piety under Lugonu
   300 | D:2      | Gained mutation: You are partially covered in sharp spines. [demonic ancestry]
   300 | D:2      | Reached XP level 2. HP: 14/24 MP: 3/3
   529 | D:3      | Found a radiant altar of Vehumet.
   660 | D:3      | Gained mutation: You have a pair of small horns on your head. [demonic ancestry]
   660 | D:3      | Reached XP level 3. HP: 20/30 MP: 4/4
   700 | D:3      | Found a snail-covered altar of Cheibriados.
   707 | D:3      | Reached skill level 1 in Dodging
   810 | D:3      | Found a white marble altar of Elyvilon.
   810 | D:3      | Found a deep blue altar of Sif Muna.
  1105 | D:3      | Noticed Sigmund
  1119 | D:3      | Killed from afar by Sigmund

Vault maps used:
D:1:      minmay_arrival_four_houses
D:2:      first_bread
D:3:      old_standard_altar, amethyst_overflow_temple_binary,
          cheibriados_altar_wand_db, serial_co_window_serial, co_window_paths_a,
          co_window_paths_a, co_window_paths_b, co_window_paths_b,
          co_window_paths_a, co_window_broadway_b, co_window_broadway_c,
          co_window_unsneaky_path_a, co_window_paths_c,
          co_window_of_opportunity_c, glass_columns_b, uniq_sigmund

Skill      XL: |  1  2  3 |
---------------+----------+-----
Armour         | 2 |  2.1
Long Blades    | 2 |  2.0
Dodging        | 1 |  1.0
Fighting       | |  3.9
Slings         | |  0.3
Throwing       | |  0.1
Invocations    | |  2.6

Action                   || total
-------------------------++-------
Melee: Falchion          ||    51
       Headbutt          ||     3
       Hunting sling     ||     1
 Fire: Hunting sling     ||    11
Throw: Tomahawk          ||     9
Invok: Depart the Abyss  ||     1
  Use: Scroll            ||     4
       Potion            ||     2
  Eat: Bread ration      ||     1
       Pizza             ||     1
Armor: Ring mail         ||    23
Dodge: Dodged            ||    26
       Rpst.: Falchion   ||    13
